Kradschützen Motorcycle Team
Selects Panzerjäger Kommand Battlegroup
Construct Light Support Kompanie
le.IG 18 Support Gun Team
Selects Defensive Positions
le.IG 18 Mechanized Group
Selects Butterfly Bomb Drop
Construct Mechanized Kompanie
Marder III Tank Destroyer
Construct Panzerarmee Kommand
Walking Stuka Rocket Launcher
Selects Crew Shock Tactics
Walking Stuka Rocket Launcher
Walking Stuka Rocket Launcher
Selects Elefant Tank Destroyer